 Dungeon Crawl Stone Soup version 0.29-a0-459-g97dee8cd24 (webtiles) character file.

Game seed: 2762898886564168102

480 trckry the Grave Robber (level 6, -1/41 HPs)
             Began as a Mummy Necromancer on May 20, 2022.
             Slain by a phantom (6 damage)
             ... on level 4 of the Dungeon.
             The game lasted 00:14:39 (4115 turns).

trckry the Grave Robber (Mummy Necromancer)         Turns: 4115, Time: 00:14:40

Health: -1/41      AC:  2    Str: 12    XL:     6   Next: 86%
Magic:  14/14      EV: 12    Int: 16    God:
Gold:   210        SH:  0    Dex: 12    Spells: 8/15 levels left

rFire   x . .      SeeInvis .   s - +0 quarterstaff
rCold   + . .      Faith    .   (shield currently unavailable)
rNeg    + + +      Spirit   .   a - +0 robe
rPois   ∞          Reflect  .   (no helmet)
rElec   .          Harm     .   (no cloak)
rCorr   .          Rampage  .   (no gloves)
Will    .....                   (no boots)
Stlth   ++........              i - amulet of regeneration
HPRegen 0.93/turn               (no ring)
MPRegen 0.14/turn               (no ring)

@: no status effects
A: cold resistance 1, negative energy resistance 3, torment resistance 2, heat
vulnerability 1, in touch with death 1, no potions
a: no special abilities


You were on level 4 of the Dungeon.
You visited 1 branch of the dungeon, and saw 5 of its levels.

You collected 210 gold pieces.

Inventory:

Hand Weapons
 e - a +0 rapier of venom
 s - a +0 quarterstaff (weapon)
Missiles
 g - 4 curare-tipped darts (quivered)
 h - 14 poisoned darts
 p - 2 boomerangs of dispersal
Armour
 a - a +0 robe (worn)
 j - a +0 buckler
Jewellery
 i - an amulet of regeneration (around neck)
Wands
 n - a wand of paralysis (8)
 o - a wand of flame (19)
Scrolls
 b - 6 scrolls of identify {unknown}
 c - 2 scrolls of teleportation {unknown}
 d - a scroll of immolation {unknown}
 f - a scroll of enchant armour {unknown}
 k - a scroll of noise {unknown}
 l - a scroll of vulnerability {unknown}
 m - 2 scrolls of fog {unknown}
 q - a scroll of magic mapping {unknown}
 r - 2 scrolls of poison {unknown}
 t - a scroll of amnesia {unknown}
 u - a scroll of blinking {unknown}


   Skills:
 - Level 1.5 Dodging
 - Level 1.5 Stealth
 + Level 5.3 Spellcasting
 * Level 1.7 Hexes
 * Level 6.9 Necromancy


You had 8 spell levels left.
You knew the following spells:

 Your Spells              Type           Power      Damage    Failure   Level
a - Necrotize             Necr           100%       1d9       1%          1
b - Vampiric Draining     Necr           39%        2d8       2%          3
c - Confusing Touch       Hex            9%         N/A       22%         3

Your spell library contained the following spells:

 Spells                   Type           Power      Damage    Failure   Level
 Slow                     Hex            36%        N/A       8%          1
 Animate Dead             Necr           39%        N/A       9%          4
 Sandblast                Erth           8%         2d5       14%         1
 Passwall                 Tmut/Erth      3%         N/A       22%         2
 Agony                    Necr           39%        N/A       24%         5
 Stone Arrow              Conj/Erth      8%         3d7       41%         3


Dungeon Overview and Level Annotations

Branches:
Dungeon (5/15)
 Temple: D:4-7

Altars:
Uskayaw


Innate Abilities, Weirdness & Mutations

You are immune to poison.
Your flesh is cold resistant. (rC+)
You are immune to negative energy. (rN+++)
You are immune to unholy pain and torment.
You are vulnerable to heat. (rF-)
You are in touch with the powers of death.
You do not drink.


Message History

You see here 12 stones.
The phantom attacks as you move away! The phantom hits you.
* * * LOW HITPOINT WARNING * * *
You take 1 damage, and have 9/41 hp.
The phantom attacks as you move away! The phantom barely misses you.
The phantom attacks as you move away! The phantom closely misses you.
The phantom attacks as you move away! The phantom hits you.
* * * LOW HITPOINT WARNING * * *
You take 2 damage, and have 12/41 hp.
The phantom attacks as you move away! The phantom hits you.
* * * LOW HITPOINT WARNING * * *
The phantom barely misses you. The phantom attacks as you move away!
The phantom hits you.
* * * LOW HITPOINT WARNING * * *
You take 5 damage, and have 9/41 hp.
The phantom attacks as you move away! The phantom hits you.
* * * LOW HITPOINT WARNING * * *
You take 4 damage, and have 5/41 hp.
The phantom attacks as you move away! The phantom barely misses you.
The phantom attacks as you move away! The phantom hits you.
* * * LOW HITPOINT WARNING * * *
You take 5 damage, and have 2/41 hp.
The phantom attacks as you move away! The phantom completely misses you.
Throw: 4 darts (curare)
Press: ? - help, Q - select action, (/) - cycle Shift-Dir - straight line, f/p - phantom
Aim: a phantom (severely damaged, 43% to hit)
Okay, then.
The phantom attacks as you move away! The phantom completely misses you.
The phantom attacks as you move away! The phantom hits you.
* * * LOW HITPOINT WARNING * * *
You see here a white potion.
You take 4 damage, and have 4/41 hp.
You can't drink.
Aiming: Throw Flame
Press: ? - help, Shift-Dir - straight line, f/p - phantom
Aim: a phantom (severely damaged, 56% to hit)
The puff of flame hits the phantom.
The phantom is almost destroyed.
The phantom hits you.
You die...

#.........# ##### #.........#
#...##### #.......### #....#..#
#########.....####
#.......####>..##.#......>..#
#.......#..#......##........#
........................#..##
...................#.....###
.......#.<#.....@#####...#####
..........#.#...W###.##......##
............##........###.....#
............##.....##...#.....#
............#...)...#.......###
..#....##...#.[....####....##
.............[.....# #.####
...................####....#
.........<...........##....#


You could see a phantom.

Vanquished Creatures
  A phantom (D:5)
  Blork the orc (D:4)
  A hound (D:4)
  An orc priest (D:4)
  An iguana (D:4)
  4 orc wizards
  6 adders
  A white imp (D:5)
  A worm (D:2)
  3 dart slugs
  9 orcs
  6 ball pythons
  6 bats
  5 endoplasms
  7 giant cockroaches
  5 goblins
  5 hobgoblins
  2 quokkas (D:1)
  A frilled lizard (D:3)
  4 kobolds
  10 rats
80 creatures vanquished.

Vanquished Creatures (collateral kills)
  A dart slug (D:1)
  An orc (D:3)
  A goblin (D:1)
  A kobold (D:2)
4 creatures vanquished.

Grand Total: 84 creatures vanquished

Notes
Turn   | Place    | Note
-------+----------+-------------------------------------------
     0 | D:1      | trckry the Mummy Necromancer began the quest for the Orb.
     0 | D:1      | Reached XP level 1. HP: 13/13 MP: 4/4
   367 | D:1      | You fall into a shaft and drop 1 floor!
   381 | D:1      | Reached XP level 2. HP: 19/19 MP: 3/6
   921 | D:1      | Found a faded altar of an unknown god.
  1137 | D:2      | Gained mutation: You are in touch with the powers of death.
                  | [Mummy growth]
  1137 | D:2      | Reached XP level 3. HP: 24/24 MP: 5/7
  2022 | D:2      | Reached skill level 5 in Necromancy
  2083 | D:2      | Learned a level 3 spell: Vampiric Draining
  2139 | D:3      | Reached XP level 4. HP: 17/30 MP: 4/9
  3077 | D:4      | Reached XP level 5. HP: 35/35 MP: 6/11
  3229 | D:4      | Reached skill level 6 in Necromancy
  3322 | D:4      | Reached XP level 6. HP: 13/41 MP: 8/13
  3456 | D:4      | Reached skill level 5 in Spellcasting
  3675 | D:4      | Noticed Blork the orc
  3685 | D:4      | Killed Blork the orc
  3686 | D:4      | Reached skill level 1 in Hexes
  3859 | D:4      | Learned a level 3 spell: Confusing Touch
  3895 | D:5      | Entered Level 5 of the Dungeon
  3981 | D:5      | Found a hide-covered altar of Uskayaw.
  4074 | D:4      | HP: 5/41 [phantom (4)]
  4083 | D:4      | HP: 4/41 [phantom (5)]
  4104 | D:4      | HP: 4/41 [phantom (5)]
  4107 | D:4      | HP: 1/41 [phantom (6)]
  4114 | D:4      | HP: 4/41 [phantom (4)]
  4115 | D:4      | Slain by a phantom

Illustrated notes

Levels and vault maps discovered:
D:1:      dpeg_arrival_windows_large_door, layout_basic,
          hellmonk_ecumenical_altar_inner_sanctum
D:2:      minmay_general_purpose_star, layout_loops_ring, st_stairs_12
D:3:      layout_basic
D:4:      layout_cave_pools, uniq_blork_the_orc
D:5:      layout_cave_pools, eat_drink_and_be_merry_uskayaw, uniq_grinder

Skill      XL: |  1  2  3  4  5  6 |
---------------+-------------------+-----
Spellcasting   | 3 4 5 |  5.3
Necromancy     | 5 6 |  6.9
Hexes          | 1 |  1.7
Dodging        | |  1.5
Stealth        | |  1.5

Action                   |  1- 3 |  4- 6 || total
-------------------------+-------+-------++-------
Melee: Rapier            |       |   113 ||   113
       Punch             |       |     4 ||     4
       Quarterstaff      |       |    25 ||    25
 Cast: Necrotize         |    68 |    57 ||   125
       Vampiric Draining |       |     4 ||     4
       Confusing Touch   |       |     3 ||     3
Evoke: Wand              |       |     5 ||     5
 Stab: Confused          |       |     1 ||     1
       Sleeping          |       |     1 ||     1
Armor: Robe              |     1 |    25 ||    26
Dodge: Dodged            |     3 |    99 ||   102

Table legend: (Time is in decaauts)
 A = Elapsed time spent in this place.
 B = Non-inter-level travel time spent in this place.
 C = Inter-level travel time spent in this place.
 D = Time resting spent in this place.
 E = Time spent auto-exploring this place.
 F = Levels seen in this place.
 G = Mean time per level.
                   A        B        C        D        E       F      G
               +--------+--------+--------+--------+--------+-----+--------+
         Total |   4144 |   4002 |    142 |    101 |   2991 |   5 |  828.8 |
       Dungeon |   4144 |   4002 |    142 |    101 |   2991 |   5 |  828.8 |
               +--------+--------+--------+--------+--------+-----+--------+

Top non-repeatable levels by time:
     D:2: 1178 daAuts
     D:1: 1063 daAuts
     D:4: 922 daAuts
     D:3: 826 daAuts
     D:5: 153 daAuts
